[Event "fics rated crazyhouse match"]
[Site "fics, Oklahoma City, OK USA"]
[Date "2001.02.23"]
[White "fermy"]
[WhiteElo "2354"]
[Black "spurs"]
[BlackElo "2290"]
[TimeControl "60+0"]
[Result "1-0"]

1. d4 d5 2. Nf3 Bg4 3. Bf4 Bxf3 4. gxf3 Nf6 5. Rg1 Nbd7 6. e3 
c6 7. Nd2 e6 8. B@e5 N@a6 9. Bxf6 Nxf6 10. Be5 B@b6 11. Bxa6 bxa6 
12. Bxf6 gxf6 13. N@g4 B@e7 14. Nxf6+ Bxf6 15. P@e5 B6g7 16. N@f6+ Bxf6 17. exf6 
B@b5 18. a4 Qxf6 19. axb5 N@h3 20. N@g4 Qe7 21. Rg3 N@g5 22. B@f6 Qd7 
23. Bxh8 P@h4 24. Nf6+ Ke7 25. Nxd7 hxg3 26. Bf6+ Kxd7 27. Nf1 N@g2+ 28. Kd2 
Nxe3 29. bxc6+ Kxc6 30. Nxe3 Kb7 31. N@e5 Kb8 32. P@c6 Ba5+ 33. Kc1 
{spurs forfeits on time} 1-0

[Event "fics rated crazyhouse match"]
[Site "fics, Oklahoma City, OK USA"]
[Date "2001.02.23"]
[White "fermy"]
[WhiteElo "2361"]
[Black "tantheman"]
[BlackElo "2323"]
[TimeControl "60+0"]
[Result "0-1"]

1. d4 e6 2. Nf3 b6 3. Bf4 Bb7 4. e3 Nf6 5. Be2 d6 6. O-O 
Be7 7. Nbd2 Nbd7 8. Rc1 O-O 9. c4 c5 10. dxc5 bxc5 11. P@h6 gxh6 
12. Bxh6 Ng4 13. Bxf8 Qxf8 14. R@g3 P@f5 15. h3 P@h4 16. Nxh4 Bxh4 17. Bxg4 
Bxg3 18. fxg3 B@d3 19. Be2 Bxe2 20. Qxe2 B@f6 21. N@h5 Bxb2 22. B@c3 Bxc3 
23. Rxc3 B@e5 24. B@f4 Bxc3 25. P@e5 P@g6 26. B@h6 gxh5 27. Bxf8 R@g6 28. P@g7 
Rxg7 29. Bxg7 Kxg7 30. Q@h6+ Kh8 31. Qexh5 R@g7 32. Qxg7+ Kxg7 33. Qh6+ Kg8 
34. R@g7+ Kf8 35. Rxf7+ Ke8 36. R@g7 Kd8 
{fermy forfeits on time} 0-1

[Event "fics rated crazyhouse match"]
[Site "fics, Oklahoma City, OK USA"]
[Date "2001.02.23"]
[White "tantheman"]
[WhiteElo "2332"]
[Black "fermy"]
[BlackElo "2352"]
[TimeControl "60+0"]
[Result "1-0"]

1. e4 e5 2. Nc3 Nc6 3. Bc4 Bc5 4. d3 Nf6 5. Be3 Nd4 6. Nge2 
O-O 7. O-O Nxe2+ 8. Qxe2 Bxe3 9. fxe3 d6 10. B@h4 B@e7 11. Bxf6 Bxf6 
12. Nd5 Bg5 13. N@h5 B@g4 14. Qxg4 Bxg4 15. Nxg7 Kxg7 16. B@g3 f5 17. exf5 
N@e2+ 18. Kh1 Nxg3+ 19. hxg3 B@h4 20. gxh4 N@g3+ 21. Kg1 Ne2+ 22. Kh1 Ng3+ 
23. Kg1 Ne2+ 24. Kh2 Q@g3+ 25. Kh1 Qxh4+ 26. P@h3 Ng3+ 27. Kh2 Nxf1+ 28. Kg1 
P@g3 29. f6+ Bxf6 30. P@h6# 
{fermy forfeits on time} 1-0

[Event "fics rated crazyhouse match"]
[Site "fics, Oklahoma City, OK USA"]
[Date "2001.02.23"]
[White "fermy"]
[WhiteElo "2344"]
[Black "tantheman"]
[BlackElo "2340"]
[TimeControl "60+0"]
[Result "1-0"]

1. d4 d5 2. Nf3 Bf5 3. Bf4 Nf6 4. e3 e6 5. Bb5+ c6 6. Be2 
Be7 7. Nbd2 O-O 8. O-O Nbd7 9. Rc1 Ne4 10. c4 Ndf6 11. cxd5 cxd5 
12. Ne5 Nxd2 13. Qxd2 Ne4 14. Qd1 f6 15. P@h6 gxh6 16. Bxh6 fxe5 17. dxe5 
Bg5 18. Bxg5 Qxg5 19. N@f4 P@d2 20. Rc7 N@g6 21. B@g3 Nxf4 22. exf4 Qd8 
23. N@h6# 
{tantheman resigns} 1-0

[Event "fics rated crazyhouse match"]
[Site "fics, Oklahoma City, OK USA"]
[Date "2001.02.23"]
[White "tantheman"]
[WhiteElo "2332"]
[Black "fermy"]
[BlackElo "2352"]
[TimeControl "60+0"]
[Result "0-1"]

1. e4 e5 2. Nf3 Nc6 3. Bc4 Bc5 4. Nc3 Nf6 5. d3 d6 6. O-O 
Nd4 7. Bg5 c6 8. Nxd4 Bxd4 9. N@h5 Rg8 10. Bxf6 gxf6 11. N@g7+ Kf8 
12. Ne2 B@g4 13. Nxd4 Bxd1 14. B@h6 Ke7 15. Ndf5+ Bxf5 16. Raxd1 N@h3+ 17. gxh3 
Rxg7+ 18. Nxg7 N@e2+ 19. Kh1 Bxe4+ 20. f3 P@g2+ 21. Kxg2 N@f4+ 22. Kf2 Q@g2+ 
23. Ke1 Nd4 24. N@g3 Nxc2# 
{tantheman checkmated} 0-1

[Event "fics rated crazyhouse match"]
[Site "fics, Oklahoma City, OK USA"]
[Date "2001.02.23"]
[White "fermy"]
[WhiteElo "2360"]
[Black "tantheman"]
[BlackElo "2324"]
[TimeControl "60+0"]
[Result "0-1"]

1. d4 Nf6 2. Nf3 d5 3. Bf4 Bf5 4. e3 e6 5. Be2 Bb4+ 6. c3 
Be7 7. O-O O-O 8. Nbd2 Nbd7 9. Rc1 c5 10. dxc5 Nxc5 11. P@h6 gxh6 
12. Bxh6 P@h3 13. P@g7 Re8 14. gxh3 Bxh3 15. Ng5 Bxf1 16. Qxf1 R@g6 17. B@g2 
Rxh6 18. Ndf3 P@e4 19. Nxf7 Kxf7 20. Ne5+ Kxg7 21. P@g5 Rg6 22. gxf6+ Bxf6 
23. N@h5+ Kh8 24. Nxg6+ hxg6 25. R@h6+ P@h7 26. Nxf6 Qxf6 27. P@e5 Qf7 28. B@f6+ 
Kg8 29. Bh3 P@g7 30. Bxg7 Qxg7 31. Rh4 P@f3 32. P@f6 Qf7 33. Bxf3 exf3 
34. P@g7 B@g2 
{fermy forfeits on time} 0-1

[Event "fics rated crazyhouse match"]
[Site "fics, Oklahoma City, OK USA"]
[Date "2001.02.23"]
[White "tantheman"]
[WhiteElo "2333"]
[Black "fermy"]
[BlackElo "2351"]
[TimeControl "60+0"]
[Result "0-1"]

1. e4 e5 2. Nc3 Nc6 3. Bc4 Bc5 4. d3 Nf6 5. Nf3 d6 6. O-O 
Nd4 7. Be3 Nxf3+ 8. Qxf3 O-O 9. Bxc5 dxc5 10. B@h4 N@d4 11. Qg3 B@f4 
12. Bxf6 Qxf6 13. N@h5 Qh6 14. Qxg7+ Qxg7 15. Nxg7 B@h3 16. Nh5 Nf3+ 17. Kh1 
Bxg2+ 18. Kxg2 Nh4# 
{tantheman resigns} 0-1

[Event "fics rated crazyhouse match"]
[Site "fics, Oklahoma City, OK USA"]
[Date "2001.02.23"]
[White "tantheman"]
[WhiteElo "2318"]
[Black "fermy"]
[BlackElo "2366"]
[TimeControl "60+0"]
[Result "0-1"]

1. e4 e5 2. Nf3 Nc6 3. Bb5 Bc5 4. Bxc6 dxc6 5. O-O Bg4 6. d3 
Nf6 7. Bg5 h6 8. Bxf6 Qxf6 9. N@e3 Bxf3 10. gxf3 N@h3+ 11. Kh1 Bxe3 
12. B@g4 Nxf2+ 13. Rxf2 Bxf2 14. N@h5 Qg5 15. N@h3 R@e1+ 16. Qxe1 Bxe1 17. Nxg5 
N@f2+ 18. Kg2 B@h1+ 19. Kf1 Q@g2+ 20. Kxe1 Nxd3+ 21. cxd3 P@f2+ 22. Kd2 f1=Q+ 
23. Kc3 Qc1+ 24. Kb4 a5+ 25. Kb3 Qgxb2+ 26. Ka4 B@b5# 
{tantheman checkmated} 0-1

[Event "fics rated crazyhouse match"]
[Site "fics, Oklahoma City, OK USA"]
[Date "2001.02.23"]
[White "fermy"]
[WhiteElo "2373"]
[Black "tantheman"]
[BlackElo "2311"]
[TimeControl "60+0"]
[Result "1-0"]

1. d4 d5 2. Nf3 Nf6 3. Bf4 Bf5 4. e3 e6 5. Bb5+ c6 6. Bd3 
Bb4+ 7. c3 Be7 8. Bxf5 exf5 9. B@c7 Qc8 10. Bxb8 Rxb8 11. Bxb8 Qxb8 
12. Ne5 O-O 13. O-O B@e4 14. f3 Bxb1 15. Rxb1 B@h6 16. N@d7 Bxe3+ 17. B@f2 
Bxf2+ 18. Rxf2 Qd6 19. Nxf8 Bxf8 20. B@f4 N@h5 21. R@h8+ Kxh8 22. Nxf7+ Kg8 
23. Nxd6 Nxf4 24. P@f7+ Kh8 25. R@g8+ Nxg8 26. fxg8=Q+ Kxg8 27. Q@f7+ Kh8 28. Qxf8# 
{tantheman resigns} 1-0

[Event "fics rated crazyhouse match"]
[Site "fics, Oklahoma City, OK USA"]
[Date "2001.02.23"]
[White "tantheman"]
[WhiteElo "2304"]
[Black "fermy"]
[BlackElo "2380"]
[TimeControl "60+0"]
[Result "1-0"]

1. e4 e5 2. Bc4 Nc6 3. Nf3 Bc5 4. Nc3 Nf6 5. d3 d6 6. O-O 
Nd4 7. Nxd4 Bxd4 8. Be3 Bxc3 9. bxc3 c6 10. B@h4 N@e6 11. f4 exf4 
12. Bxf4 Nxf4 13. Bxf7+ Kxf7 14. N@g5+ Ke7 15. Qf3 B@g4 16. Qxf4 N@e2+ 17. Kh1 
Nxf4 18. Rxf4 P@b2 19. Raf1 B@e3 20. Rxg4 Bxg4 21. N@g3 R@c1 22. N@f5+ Kd7 
23. P@e6+ Kc7 24. Nxe3 Rxf1+ 25. Nexf1 b1=Q 26. R@f7+ Kb6 27. B@e3+ R@c5 28. B@d4 
Qxf1+ 29. Nxf1 N@e2 30. P@a5# 
{fermy forfeits on time} 1-0

[Event "fics rated crazyhouse match"]
[Site "fics, Oklahoma City, OK USA"]
[Date "2001.02.23"]
[White "fermy"]
[WhiteElo "2370"]
[Black "tantheman"]
[BlackElo "2314"]
[TimeControl "60+0"]
[Result "1-0"]

1. d4 e6 2. Nf3 f5 3. Bf4 Nf6 4. Nc3 d6 5. e4 fxe4 6. Ng5 
Be7 7. Ngxe4 O-O 8. Bg3 Nc6 9. Bd3 P@f5 10. Nxf6+ Bxf6 11. d5 Nd4 
12. dxe6 Bxe6 13. P@d5 Re8 14. dxe6 Rxe6+ 15. N@e3 c6 16. O-O P@e4 17. Bc4 
P@d5 18. Ncxd5 cxd5 19. Bxd5 N@f3+ 20. Kh1 Nxc2 21. Bxe6+ Kh8 22. Qxc2 N@d4 
23. N@f7+ Kg8 24. R@h8# 
{tantheman checkmated} 1-0

[Event "fics rated crazyhouse match"]
[Site "fics, Oklahoma City, OK USA"]
[Date "2001.02.23"]
[White "tantheman"]
[WhiteElo "2307"]
[Black "fermy"]
[BlackElo "2377"]
[TimeControl "60+0"]
[Result "1-0"]

1. e3 e5 2. b3 Nc6 3. Bb2 Bc5 4. Nf3 d6 5. d4 Bb4+ 6. c3 
Ba5 7. dxe5 Nxe5 8. Nxe5 dxe5 9. Qxd8+ Kxd8 10. Bd3 N@c5 11. Q@f8+ Q@e8 
12. Qxc5 Bb6 13. Qd5+ Bd7 14. Qxb7 Bc6 15. Qa6 Bxg2 16. N@b7+ Ke7 17. N@f5+ 
Kf8 18. Ba3+ P@d6 19. Rg1 Bxb7 20. Qxb7 N@f3+ 21. Qxf3 Nf6 22. P@h6 Qe6 
23. hxg7+ Ke8 24. gxh8=Q+ Kd7 25. B@e8+ Rxe8 26. Qxe8+ Nxe8 27. P@c6+ Kd8 28. R@a8+ 
B@c8 29. N@b7# 
{fermy checkmated} 1-0

[Event "fics rated crazyhouse match"]
[Site "fics, Oklahoma City, OK USA"]
[Date "2001.02.23"]
[White "fermy"]
[WhiteElo "2367"]
[Black "tantheman"]
[BlackElo "2317"]
[TimeControl "60+0"]
[Result "1-0"]

1. d4 e6 2. Nf3 b6 3. Bf4 Bb7 4. Nbd2 d6 5. e4 Nf6 6. Bd3 
Be7 7. O-O Nc6 8. e5 Ng4 9. exd6 cxd6 10. h3 Nxf2 11. Rxf2 P@g5 
12. Bh2 P@e3 13. Re2 exd2 14. Qxd2 N@f4 15. Bxf4 gxf4 16. Qxf4 B@g5 17. Nxg5 
Bxg5 18. Qf3 Nxd4 19. Qxb7 Nxe2+ 20. Bxe2 Be3+ 21. P@f2 Bxf2+ 22. Kxf2 Qf6+ 
23. B@f3 P@e3+ 24. Kxe3 Qg5+ 25. B@f4 P@d4+ 26. Kf2 Qxf4 27. Qxa8+ B@d8 28. B@c6+ 
Ke7 29. R@d7+ Kf6 30. N@h5+ Kg5 31. Nxf4 
{tantheman resigns} 1-0

[Event "fics rated crazyhouse match"]
[Site "fics, Oklahoma City, OK USA"]
[Date "2001.02.23"]
[White "fermy"]
[WhiteElo "2337"]
[Black "Tecumseh"]
[BlackElo "2287"]
[TimeControl "180+0"]
[Result "0-1"]

1. d4 Nc6 2. Nf3 Nf6 3. Bf4 d5 4. e3 Bg4 5. Be2 e6 6. O-O 
Be7 7. Nbd2 Ne4 8. Ne5 Bxe2 9. Qxe2 Nxd2 10. Qxd2 Nxe5 11. dxe5 N@h3+ 
12. Kh1 N@e4 13. Qe2 Nxf4 14. exf4 h5 15. f3 B@c4 16. B@d3 Bxd3 17. cxd3 
Nc5 18. B@f2 B@f5 19. Bxc5 Bxc5 20. N@e3 Bxe3 21. Qxe3 d4 22. Qf2 h4 
23. N@g5 N@g3+ 24. Kg1 B@e3 25. B@a4+ B@c6 26. Bxc6+ bxc6 27. N@d1 Bxf2+ 28. Nxf2 
B@e3 29. N@h1 Ne2# 
{fermy checkmated} 0-1

[Event "fics rated crazyhouse match"]
[Site "fics, Oklahoma City, OK USA"]
[Date "2001.02.23"]
[White "Tecumseh"]
[WhiteElo "2296"]
[Black "fermy"]
[BlackElo "2328"]
[TimeControl "180+0"]
[Result "1-0"]

1. e4 e5 2. Nf3 Nc6 3. Nc3 Bc5 4. d3 Nf6 5. Be2 d6 6. O-O 
Nd4 7. Nxd4 Bxd4 8. Nd5 Nxd5 9. exd5 O-O 10. N@h5 N@h4 11. c3 Bb6 
12. Bg4 f5 13. N@e6 Bxe6 14. dxe6 fxg4 15. Qxg4 N@g6 16. B@f7+ Rxf7 17. exf7+ 
Kxf7 18. Bg5 B@e6 19. R@f3+ Nxf3+ 20. Qxf3+ R@f5 21. Bxd8 Rxf3 22. N@g5+ Ke8 
23. Nxg7+ Kxd8 24. Q@e8# 
{fermy checkmated} 1-0

[Event "fics rated crazyhouse match"]
[Site "fics, Oklahoma City, OK USA"]
[Date "2001.02.23"]
[White "fermy"]
[WhiteElo "2319"]
[Black "Tecumseh"]
[BlackElo "2305"]
[TimeControl "180+0"]
[Result "1-0"]

1. d4 Nc6 2. Nf3 Nf6 3. Bf4 d5 4. e3 Ne4 5. Bb5 Bd7 6. O-O 
e6 7. Nc3 Nxc3 8. bxc3 N@e4 9. Qe1 Bd6 10. Rb1 Bxf4 11. exf4 B@h5 
12. Bxc6 Bxc6 13. N@e5 Bxf3 14. Nxf3 B@h5 15. N@e5 Bxf3 16. Nxf3 Nxc3 17. B@h4 
P@f6 18. Ne5 Nxb1 19. Qxb1 N@e2+ 20. Kh1 Nxf4 21. Nxf7 Kxf7 22. N@e5+ Kf8 
23. B@e3 N@g6 24. Bxf4 Nxf4 25. N@f7 P@f3 26. Rg1 Qe7 27. Nxh8 N@h3 28. P@f7 
Qxf7 29. Nhxf7 Nxg1 30. R@h8+ Ke7 31. Qxg1 fxg2+ 32. Qxg2 Nxg2 33. Nxc6+ bxc6 
34. B@b4+ P@d6 35. Bxd6+ cxd6 36. Q@c7+ R@d7 37. Qxd7+ Kxd7 38. N@e5+ fxe5 39. Nxe5+ 
dxe5 40. R@e7+ Kd6 41. B@c5# 
{Tecumseh checkmated} 1-0

[Event "fics rated crazyhouse match"]
[Site "fics, Oklahoma City, OK USA"]
[Date "2001.02.23"]
[White "Tecumseh"]
[WhiteElo "2297"]
[Black "fermy"]
[BlackElo "2327"]
[TimeControl "180+0"]
[Result "0-1"]

1. e4 e5 2. Nf3 Nc6 3. Nc3 Bc5 4. Bc4 Nf6 5. d3 d6 6. Bg5 
Bxf2+ 7. Kxf2 Ng4+ 8. Ke1 Qxg5 9. Nxg5 B@h4+ 10. B@g3 Bxg5 11. Qf3 P@d2+ 
12. Kf1 N@e3+ 13. Kg1 Nxc4 14. dxc4 B@c5+ 15. N@f2 Nxf2 16. Bxf2 Bxf2+ 17. Kxf2 
B@c5+ 18. Kf1 N@e3+ 19. Kg1 d1=Q+ 20. Nxd1 Nxd1+ 21. P@f2 Nxf2 22. N@d5 Nh3+ 
23. Kf1 N@d2+ 24. Ke2 Nxf3 25. Nxc7+ Kd8 26. Kxf3 Q@g4# 
{Tecumseh checkmated} 0-1

[Event "fics rated crazyhouse match"]
[Site "fics, Oklahoma City, OK USA"]
[Date "2001.02.23"]
[White "fermy"]
[WhiteElo "2334"]
[Black "Tecumseh"]
[BlackElo "2290"]
[TimeControl "180+0"]
[Result "1-0"]

1. d4 Nc6 2. Nf3 Nf6 3. Bf4 d5 4. e3 Ne4 5. Bb5 Bd7 6. O-O 
e6 7. Bxc6 Bxc6 8. Ne5 B@b5 9. Nxc6 Bxc6 10. N@e5 Bd7 11. Nd2 Nf6 
12. Ndf3 Bd6 13. Nxf7 Kxf7 14. Ng5+ Kf8 15. P@e5 Be7 16. exf6 Bxf6 17. N@f7 
Bxg5 18. Nxh8 P@f7 19. B@a3+ Be7 20. Bxe7+ Kxe7 21. Bxc7 Qxc7 22. B@a3+ N@d6 
23. P@e5 N@b5 24. exd6+ Nxd6 25. c4 dxc4 26. N@e4 N@b5 27. Nxd6 Nxd6 28. Bxd6+ 
Qxd6 29. N@e4 Qc7 30. Nxf7 Kxf7 31. P@d6 Qc6 32. R@e7+ Kg8 33. N@h6+ gxh6 
34. Nf6+ Kf8 35. Nxh7+ Kg8 36. Nf6+ Kf8 37. P@g7# 
{Tecumseh checkmated} 1-0

[Event "fics rated crazyhouse match"]
[Site "fics, Oklahoma City, OK USA"]
[Date "2001.02.23"]
[White "Tecumseh"]
[WhiteElo "2283"]
[Black "fermy"]
[BlackElo "2341"]
[TimeControl "180+0"]
[Result "1-0"]

1. e4 e5 2. Nf3 Nc6 3. Nc3 Bc5 4. Be2 Nf6 5. O-O d6 6. d3 
Nd4 7. Nxd4 Bxd4 8. Nd5 Nxd5 9. exd5 N@h4 10. N@h5 O-O 11. c3 Bb6 
12. Bg4 f5 13. N@e6 Bxe6 14. dxe6 fxg4 15. Qxg4 N@g6 16. B@f7+ Rxf7 17. exf7+ 
Kxf7 18. P@f5 B@d7 19. fxg6+ hxg6 20. N@g5+ Qxg5 21. Bxg5 gxh5 22. Qxd7# 
{fermy resigns} 1-0

[Event "fics rated crazyhouse match"]
[Site "fics, Oklahoma City, OK USA"]
[Date "2001.02.23"]
[White "fermy"]
[WhiteElo "2332"]
[Black "Tecumseh"]
[BlackElo "2292"]
[TimeControl "180+0"]
[Result "1-0"]

1. d4 b6 2. e4 e6 3. Bd3 Bb7 4. Be3 Nf6 5. Nd2 d5 6. e5 
Ne4 7. Nh3 Be7 8. O-O Nd7 9. Nf4 h5 10. f3 Nxd2 11. Bxd2 N@f5 
12. Bxf5 exf5 13. e6 B@g8 14. exf7+ Bxf7 15. P@e6 Bg8 16. exd7+ Kxd7 17. N@e5+ 
Kc8 18. N@e6 Bxe6 19. Nxe6 Qd6 20. Nxg7 Rg8 21. B@e6+ Qxe6 22. Nxe6 P@d7 
23. P@f7 N@h3+ 24. Kh1 Rd8 25. Nxd8 Bxd8 26. gxh3 N@h4 27. N@f4 B@d6 28. R@e8 
Be7 29. N@g6 P@g2+ 30. Nxg2 Nxg2 31. Nxe7+ Kb8 32. Rxd8+ N@c8 33. Rxc8+ Bxc8 
34. N@c6+ dxc6 35. N5xc6+ Kb7 36. Nd8+ Ka6 37. Q@a4+ R@a5 38. B@b5# 
{Tecumseh checkmated} 1-0

[Event "fics rated crazyhouse match"]
[Site "fics, Oklahoma City, OK USA"]
[Date "2001.02.23"]
[White "Tecumseh"]
[WhiteElo "2285"]
[Black "fermy"]
[BlackElo "2339"]
[TimeControl "180+0"]
[Result "1-0"]

1. e4 e5 2. Nf3 Nc6 3. Nc3 Bc5 4. Be2 Nf6 5. O-O d6 6. d3 
Nd4 7. Nxd4 Bxd4 8. Nd5 Nxd5 9. exd5 c6 10. N@h5 Rg8 11. dxc6 bxc6 
12. P@h6 N@f6 13. Nxg7+ Kd7 14. Bg5 Kc7 15. P@b5 P@b7 16. c3 Bb6 17. Bf3 
N@f4 18. Bxf4 exf4 19. bxc6 bxc6 20. Bxc6 Kxc6 21. N@b4+ Kc7 22. N@d5+ Nxd5 
23. Nxd5+ Kb7 24. P@c6+ Kxc6 25. Qf3 N@e5 26. Nb4+ Kd7 27. Qxa8 B@b7 28. P@c6+ 
Nxc6 29. Nxc6 Bxc6 30. N@b8+ Ke7 31. Nxc6+ Kf8 32. Qxc8 Qxc8 33. B@e7# 
{fermy checkmated} 1-0

[Event "fics rated crazyhouse match"]
[Site "fics, Oklahoma City, OK USA"]
[Date "2001.02.23"]
[White "fermy"]
[WhiteElo "2330"]
[Black "Tecumseh"]
[BlackElo "2294"]
[TimeControl "180+0"]
[Result "0-1"]

1. d4 Nc6 2. Nf3 Nf6 3. Bf4 d5 4. e3 Bg4 5. Bb5 Bxf3 6. Qxf3 
e6 7. B@a4 Bb4+ 8. c3 Bd6 9. Bxc6+ bxc6 10. Bxc6+ Kf8 11. O-O Bxf4 
12. exf4 B@e4 13. Qh3 B@g4 14. Qh4 Bxg2 15. B@a3+ Kg8 16. f3 B4xf3 17. Rxf3 
Bxf3 18. P@e7 R@g2+ 19. Kf1 N@e3+ 20. Ke1 Nc2+ 21. Kf1 P@e2# 
{fermy checkmated} 0-1

[Event "fics rated crazyhouse match"]
[Site "fics, Oklahoma City, OK USA"]
[Date "2001.02.23"]
[White "Tecumseh"]
[WhiteElo "2303"]
[Black "fermy"]
[BlackElo "2321"]
[TimeControl "180+0"]
[Result "1-0"]

1. e4 e5 2. Nc3 Nc6 3. Nf3 Bc5 4. Be2 Nf6 5. d3 d6 6. O-O 
Nd4 7. Nxd4 Bxd4 8. Nd5 Nxd5 9. exd5 c6 10. N@h5 Rg8 11. dxc6 bxc6 
12. P@h6 Kd7 13. hxg7 Kc7 14. N@f6 Rxg7 15. Nxg7 Qxf6 16. Ne8+ Kb7 17. Nxf6 
P@h3 18. Bf3 hxg2 19. Bxc6+ Kxc6 20. Qf3+ Kc7 21. Q@c6+ Kd8 22. R@e8# 
{fermy checkmated} 1-0

[Event "fics rated crazyhouse match"]
[Site "fics, Oklahoma City, OK USA"]
[Date "2000.02.24"]
[White "Tecumseh"]
[WhiteElo "2235"]
[Black "RubberDuck"]
[BlackElo "2229"]
[TimeControl "60+0"]
[Result "1-0"]

1. e4 e6 2. d3 d5 3. exd5 exd5 4. Nf3 Nf6 5. Nc3 Bb4 6. P@e5 
Ng4 7. Bd2 O-O 8. Be2 Re8 9. d4 Bxc3 10. bxc3 Nc6 11. B@h4 P@f6 
12. O-O fxe5 13. Bxd8 Rxd8 14. Nxe5 Ngxe5 15. dxe5 P@h3 16. N@h6+ gxh6 17. Bxh6 
N@f5 18. P@g7 Nxg7 19. Bxg7 Kxg7 20. P@f6+ Kf8 21. Q@g7+ Ke8 22. Qg8+ B@f8 
23. N@g7+ Kd7 24. Bg4+ B@e6 25. Qxd5+ P@d6 26. Bxe6+ fxe6 27. Qgxe6# 
{RubberDuck checkmated} 1-0

[Event "fics rated crazyhouse match"]
[Site "fics, Oklahoma City, OK USA"]
[Date "2000.02.24"]
[White "RubberDuck"]
[WhiteElo "2221"]
[Black "Tecumseh"]
[BlackElo "2243"]
[TimeControl "60+0"]
[Result "0-1"]

1. e4 Nc6 2. Nf3 Nf6 3. Nc3 d5 4. exd5 Nxd5 5. Nxd5 Qxd5 6. N@c3 
Qe6+ 7. Qe2 N@d4 8. Qxe6 Nxc2+ 9. Kd1 Bxe6 10. Kxc2 Nb4+ 11. Kd1 P@c2+ 
12. Ke1 Rd8 13. Bb5+ P@c6 14. P@a3 cxb5 15. axb4 B@d4 16. Nxd4 Rxd4 17. Q@b8+ 
Q@d8 18. Qxd8+ Rxd8 19. N@e5 N@d3+ 20. Nxd3 Rxd3 21. B@e2 Rxc3 22. Bxb5+ Rc6 
23. Bxc6+ bxc6 24. R@b8+ B@c8 25. Rxc8+ Bxc8 26. B@e2 N@d3+ 27. Bxd3 Q@d1# 
{RubberDuck checkmated} 0-1

[Event "fics rated crazyhouse match"]
[Site "fics, Oklahoma City, OK USA"]
[Date "2000.02.24"]
[White "Tecumseh"]
[WhiteElo "2250"]
[Black "RubberDuck"]
[BlackElo "2214"]
[TimeControl "60+0"]
[Result "1-0"]

1. e4 e6 2. d4 d5 3. exd5 exd5 4. Nf3 Bb4+ 5. P@c3 Qe7+ 6. Ne5 
Bd6 7. Bf4 P@f6 8. Bb5+ c6 9. Bxc6+ Nxc6 10. Qe2 fxe5 11. dxe5 Bxe5 
12. Bxe5 Nxe5 13. B@a3 N@f4 14. Bxe7 Nxg2+ 15. Kd1 Nxe7 16. Qxe5 B@f3+ 17. P@e2 
Bxe2+ 18. Qxe2 B@g4 19. N@d6+ Kd7 20. B@b5+ Kxd6 21. Q@e5+ Kc5 22. b4+ Kb6 
23. P@a5# 
{RubberDuck checkmated} 1-0

[Event "fics rated crazyhouse match"]
[Site "fics, Oklahoma City, OK USA"]
[Date "2000.02.24"]
[White "RubberDuck"]
[WhiteElo "2207"]
[Black "Tecumseh"]
[BlackElo "2257"]
[TimeControl "60+0"]
[Result "0-1"]

1. e4 Nc6 2. Nf3 Nf6 3. Nc3 d5 4. exd5 Nxd5 5. Nxd5 Qxd5 6. P@c4 
Qe4+ 7. Qe2 P@f5 8. Qxe4 fxe4 9. Ng5 N@d4 10. Kd1 Bg4+ 11. f3 exf3 
12. gxf3 Nxf3 13. P@d7+ Bxd7 14. Nxf3 P@f2 15. N@d5 Q@d6 16. N@b5 Qxd5 17. Nxc7+ 
Kd8 18. Nxd5 P@c7 19. Nxc7 Rc8 20. Nd5 P@c7 21. Q@e2 N@e6 22. Qxf2 g6 
23. P@e2 Bg7 24. Bh3 Re8 25. Bxe6 Bxe6 26. Ng5 B@g8 27. Nxe6+ fxe6 28. N@b5 
N@a6 29. Nbxc7 Nxc7 30. Nxc7 Rxc7 31. Q@d3+ N@d7 32. P@d5 exd5 33. cxd5 Bxd5 
34. N@e6+ Bxe6 35. Qxd7+ Bxd7 36. P@f7 N@c3+ 37. bxc3 N@e3+ 38. dxe3 Q@e1+ 39. Kxe1 
Rf8 40. Kf1 P@g2# 
{RubberDuck forfeits on time} 0-1

[Event "fics rated crazyhouse match"]
[Site "fics, Oklahoma City, OK USA"]
[Date "2000.02.24"]
[White "Tecumseh"]
[WhiteElo "2264"]
[Black "RubberDuck"]
[BlackElo "2200"]
[TimeControl "60+0"]
[Result "1-0"]

1. e4 e6 2. d4 d5 3. exd5 exd5 4. Nf3 Nf6 5. Ne5 Bb4+ 6. c3 
Bd6 7. Bd3 Bg4 8. P@f3 Bxe5 9. dxe5 P@e4 10. exf6 exd3 11. B@e7 N@c2+ 
12. Kd2 B@g5+ 13. N@e3 Nxe3 14. fxe3 Bxe3+ 15. Kxe3 N@f5+ 16. Kf2 Nxe7 17. fxe7 
Qxe7 18. Qxd3 B@c4 19. Re1 P@e4 20. B@b5+ Bxb5 21. Qxb5+ Nc6 22. B@g5 P@f6 
23. P@d6 cxd6 24. fxg4 B@c5+ 25. B@e3 fxg5 26. Bxc5 P@f4 27. Bxd6 e3+ 28. Kf1 
Qxd6 29. N@f5 Qd7 30. Nxg7+ Kd8 31. B@f6+ B@e7 32. Bxe7+ Qxe7 33. N@f5 B@c4+ 
34. Qxc4 dxc4 35. B@g1 B@d3+ 36. P@e2 
{RubberDuck forfeits on time} 1-0

[Event "fics rated crazyhouse match"]
[Site "fics, Oklahoma City, OK USA"]
[Date "2000.02.24"]
[White "RubberDuck"]
[WhiteElo "2193"]
[Black "Tecumseh"]
[BlackElo "2271"]
[TimeControl "60+0"]
[Result "1-0"]

1. e4 Nc6 2. Nf3 Nf6 3. Nc3 d5 4. exd5 Nxd5 5. d4 Bg4 6. Nxd5 
Qxd5 7. Be3 e5 8. N@c3 Bxf3 9. Qxf3 e4 10. Nxd5 exf3 11. Nxc7+ Kd8 
12. Nxa8 Bb4+ 13. B@d2 Bxd2+ 14. Bxd2 Re8+ 15. P@e5 B@b6 16. P@d6 Nxd4 17. B@c7+ 
Kd7 18. Nxb6+ axb6 19. B@b5+ P@c6 20. R@d8+ Ke6 21. Rxe8+ Kd5 22. Q@c4+ Ke4 
23. Qd3+ Kd5 24. c4+ Kc5 25. b4# 
{Tecumseh checkmated} 1-0

[Event "fics rated crazyhouse match"]
[Site "fics, Oklahoma City, OK USA"]
[Date "2000.02.24"]
[White "Tecumseh"]
[WhiteElo "2261"]
[Black "RubberDuck"]
[BlackElo "2203"]
[TimeControl "60+0"]
[Result "1-0"]

1. e4 e6 2. d4 d5 3. exd5 exd5 4. Nf3 Bb4+ 5. P@c3 Qe7+ 6. Be2 
Bd6 7. O-O P@h3 8. Bg5 f6 9. Bh4 hxg2 10. Kxg2 Nh6 11. Nbd2 Nf5 
12. Bg3 Nxg3 13. fxg3 B@h3+ 14. Kg1 Qe3+ 15. P@f2 Qe7 16. Re1 P@g2 17. Bb5+ 
Bcd7 18. Rxe7+ Bxe7 19. Bxd7+ Nxd7 20. Q@h5+ B@g6 21. Qxh3 R@h1+ 22. Kxg2 Rxd1 
23. Rxd1 Q@f5 24. B@g4 Qxc2 25. Bxd7+ Kf8 26. N@e6+ Kg8 27. N@h6+ gxh6 28. R@g7# 
{RubberDuck checkmated} 1-0

[Event "fics rated crazyhouse match"]
[Site "fics, Oklahoma City, OK USA"]
[Date "2000.02.24"]
[White "RubberDuck"]
[WhiteElo "2196"]
[Black "Tecumseh"]
[BlackElo "2268"]
[TimeControl "60+0"]
[Result "1-0"]

1. e4 Nc6 2. Nf3 Nf6 3. Nc3 d5 4. exd5 Nxd5 5. d4 e6 6. Bg5 
P@f6 7. Nxd5 exd5 8. Bf4 Bd6 9. Bxd6 cxd6 10. N@b5 B@a5+ 11. B@c3 Bxc3+ 
12. bxc3 B@b6 13. P@c5 dxc5 14. dxc5 Bxc5 15. Qe2+ P@e4 16. P@c7 Qd7 17. Nfd4 
Nxd4 18. cxd4 Bb4+ 19. B@d2 Bxd2+ 20. Qxd2 e3 21. N@d6+ Kf8 22. Qxe3 N@e4 
23. Nxe4 B@a5+ 24. P@d2 dxe4 25. Qxe4 Bxd2+ 26. Kxd2 N@e7 27. B@d6 P@c3+ 28. Nxc3 
Qxd6 29. B@c5 N@c4+ 30. Bxc4 B@h6+ 31. P@e3 Qxc5 32. dxc5 Be6 33. Qxe6 fxe6 
34. N@d7+ Kf7 35. Bxe6+ Kxe6 36. P@d5+ Nxd5 37. P@f5+ Kxd7 38. Q@e6+ Kxc7 39. B@d6+ 
Kd8 40. Qe7+ Nxe7 41. N@c6+ Kd7 42. Bxe7 Q@d3+ 43. Kxd3 Q@e2+ 44. Kxe2 
{Tecumseh forfeits on time} 1-0

[Event "fics rated crazyhouse match"]
[Site "fics, Oklahoma City, OK USA"]
[Date "2000.02.24"]
[White "Tecumseh"]
[WhiteElo "2258"]
[Black "RubberDuck"]
[BlackElo "2206"]
[TimeControl "60+0"]
[Result "1-0"]

1. e4 e6 2. d3 d5 3. exd5 exd5 4. Nf3 Bg4 5. Nc3 Nc6 6. Be2 
Nf6 7. P@b5 Bxf3 8. Bxf3 Nd4 9. B@e5 Nxf3+ 10. Qxf3 B@g4 11. Qe3 P@e6 
12. Bxf6 gxf6 13. N@c6 bxc6 14. bxc6 B@c8 15. P@b7 Bxb7 16. cxb7 Rb8 17. N@c6 
d4 18. Nxd4 N@h4 19. B@c6+ P@d7 20. Bxd7+ Qxd7 21. P@c6 Nxg2+ 22. Kd2 B@f4 
23. cxd7+ Kxd7 24. P@c6+ Kd6 25. Q@d7+ Kc5 26. Nxe6+ Kb4 27. a3+ Ka5 28. b4+ 
Ka6 29. P@b5# 
{RubberDuck checkmated} 1-0